 Dungeon Crawl Stone Soup version 0.31-a0-507-gbafd7f5274 (webtiles) character file.

Game seed: 5904913592211990682

72 oldmanjim the Shooter (level 4, 0/37 HPs)
             Began as a Barachi Hunter on Aug 9, 2023.
             Slain by a killer bee (6 damage)
             ... on level 4 of the Dungeon.
             The game lasted 00:04:59 (1783 turns).

oldmanjim the Shooter (Barachi Hunter)              Turns: 1783, Time: 00:04:59

Health: 0/37       AC:  7    Str: 13    XL:     4   Next: 25%
Magic:  4/4        EV:  9    Int:  9    God:
Gold:   171        SH:  0    Dex: 17    Spells: 3/3 levels left

rFire   . . .        a - +0 shortbow
rCold   . . .        (shield currently unavailable)
rNeg    . . .        c - +0 leather armour
rPois   .            (no helmet)
rElec   .            (no cloak)
rCorr   .            (no gloves)
SInv    .            (no boots)
Will    .....        (no amulet)
Stlth   ++           q - +4 ring of protection
HPRegen 0.26/turn    (no ring)
MPRegen 0.09/turn

%: no passive effects
@: lethally poisoned (0 -> -19), constricted, slow
A: amphibious, slowness 1, strong legs 1, +LOS
a: Hop


You were on level 4 of the Dungeon.
You visited 1 branch of the dungeon, and saw 6 of its levels.

You collected 171 gold pieces.

Inventory:

Hand Weapons
 a - a +0 shortbow (weapon)
Missiles
 d - 15 stones
 k - 3 poisoned darts
 m - 6 boomerangs
Armour
 c - a +0 leather armour (worn)
Jewellery
 q - a +4 ring of protection (left hand)
 t - a ring of protection from cold
Scrolls
 b - a scroll of butterflies
 g - a scroll of identify {unknown}
 h - a scroll of teleportation {unknown}
 j - a scroll of blinking {unknown}
 n - a scroll of fear {unknown}
 r - a scroll of enchant armour {unknown}
 u - a scroll of silence {unknown}
Potions
 e - 2 potions of haste {unknown}
 i - a potion of curing {unknown}
 l - a potion of invisibility {unknown}
 o - a potion of might {unknown}
 p - a potion of magic
 s - 2 potions of brilliance {unknown}


   Skills:
 + Level 4.1 Fighting
 + Level 4.8 Ranged Weapons
 - Level 2.2 Dodging
 - Level 0.9 Stealth


You had 3 spell levels left.
You didn't know any spells.
Your spell library contained the following spells:

 Spells                   Type           Power      Damage    Failure   Level
 Sublimation of Blood     Necr           0%         N/A       61%         2
 Wereblood                Tmut           0%         N/A       61%         2
 Summon Hydra             Summ           0%         N/A       100%        7


Dungeon Overview and Level Annotations

Branches:
Dungeon (6/15)
 Temple: D:4-7

Altars:

Shops:
D:2 =


Innate Abilities, Weirdness & Mutations

You are amphibious.
You cover ground slowly.
You can hop short distances.
You have an extended range of vision and can be seen from far away.


Message History

Hop to where?
Press: ? - help, Q - select action, (/) - cycle Dir - move target, f - you
Okay, then.
Hop to where?
Press: ? - help, Q - select action, (/) - cycle Dir - move target, f - you
Okay, then.
Hop to where?
Press: ? - help, Q - select action, (/) - cycle Dir - move target, f - you
Okay, then.
Hop to where?
Press: ? - help, Q - select action, (/) - cycle Dir - move target, f - you
Okay, then.
Hop to where?
Press: ? - help, Q - select action, (/) - cycle Dir - move target, f - you
Okay, then.
Okay, then.
Unknown command.
Unknown command.
Unknown command.
Unknown command.
Hop to where?
Press: ? - help, Q - select action, (/) - cycle Dir - move target, f - you
Okay, then.
Okay, then.
Unknown command.
Unknown command.
Fire: a) +0 shortbow
Press: ? - help, Q - select action, (/) - cycle Shift-Dir - straight line, f - endoplasm
Aim: an endoplasm (87% to hit)
You shoot an arrow. The arrow hits the endoplasm.
The endoplasm is almost dead.
You feel very sick. The killer bee stings you.
* * * LOW HITPOINT WARNING * * *
You are lethally poisoned!
The killer bee poisons you! The killer bee stings you.
* * * LOW HITPOINT WARNING * * *
You are more poisoned.
The killer bee poisons you! The killer bee stings you.
You die...

#...................
#..................
##.......##.......
#.........#.....#
#.........#.....#
##.........#....)#
###.....g..........#
.......Jhy.........#
#...!.(.@Sy.##.....#
#.###...yy...#.....#
.....####.#.......#
##.## #.##.###### #
#.##..# #.###..# #.#
#... ..# ##)# .## .#


You could see a hound, 4 killer bees, an endoplasm, a hobgoblin and a ball
python.

Vanquished Creatures
  A worm (D:2)
  A dart slug (D:1)
  2 orcs
  3 endoplasms
  2 giant cockroaches
  7 goblins
  7 hobgoblins
  11 jackals
  A quokka (D:2)
  5 ball pythons
  6 bats
  4 frilled lizards
  2 kobolds
  4 rats
56 creatures vanquished.

Notes
Turn   | Place    | Note
-------+----------+-------------------------------------------
     0 | D:1      | oldmanjim the Barachi Hunter began the quest for the Orb.
     0 | D:1      | Reached XP level 1. HP: 17/17 MP: 1/1
    83 | D:1      | Reached XP level 2. HP: 18/23 MP: 2/2
   524 | D:1      | Reached XP level 3. HP: 29/29 MP: 3/3
  1134 | D:2      | Reached XP level 4. HP: 37/37 MP: 4/4
  1307 | D:2      | Found Wussirygh's Jewellery Boutique.
  1513 | D:2      | Identified the +10 flail of the Pit {freeze, rElec Will+
                  | Str-3 Int+4}
  1729 | D:3      | You fall into a shaft and drop 3 floors!
  1733 | D:6      | Noticed a water moccasin
  1738 | D:5      | Entered Level 5 of the Dungeon
  1779 | D:4      | HP: 1/37 [hound (4)]
  1783 | D:4      | Slain by a killer bee

Illustrated notes

Levels and vault maps discovered:
D:1:      lordsloth_arrival_two_stooges, layout_basic
D:2:      layout_basic, serial_shops, shop, nicolae_figureground_pulse
D:3:      layout_basic
D:4:      layout_rooms, nicolae_ru_path_of_blood
D:5:      layout_basic, biasface_ghost_orc_armoury, eino_tiny_chamber,
          uniq_pikel, uniq_menkaure
D:6:      layout_loops_cross, kennysheep_mini_moat,
          minmay_temple_entry_antechambers, serial_shops,
          nicolae_shop_behind_doors, nicolae_shop_behind_doors,
          nicolae_shop_stone, shop, shop, gammafunk_ghost_smash,
          uniq_blork_the_orc

Skill      XL: |  1  2  3  4 |
---------------+-------------+-----
Fighting       | 3 4 |  4.1
Ranged Weapons | |  4.8
Dodging        | |  2.2
Stealth        | |  0.9

Action                     |  1- 3 |  4- 6 || total
---------------------------+-------+-------++-------
   Fire: Shortbow          |   113 |    45 ||   158
    Use: Potion            |       |     3 ||     3
 Armour: Leather armour    |    14 |    30 ||    44
  Dodge: Dodged            |    23 |    37 ||    60

Table legend: (Time is in decaauts)
 A = Elapsed time spent in this place.
 B = Non-inter-level travel time spent in this place.
 C = Inter-level travel time spent in this place.
 D = Time resting spent in this place.
 E = Time spent auto-exploring this place.
 F = Levels seen in this place.
 G = Mean time per level.
                   A        B        C        D        E       F      G
               +--------+--------+--------+--------+--------+-----+--------+
         Total |   2114 |   2014 |    100 |      0 |   1670 |   6 |  352.3 |
       Dungeon |   2114 |   2014 |    100 |      0 |   1670 |   6 |  352.3 |
               +--------+--------+--------+--------+--------+-----+--------+

Top non-repeatable levels by time:
     D:1: 1047 daAuts
     D:2: 860 daAuts
     D:3: 145 daAuts
     D:5: 34 daAuts
     D:4: 16 daAuts
     D:6: 10 daAuts
